AoeStats
← munozbwoy

Pilgrims

510197020Analyzed
3v3 RM · 3d ago on Sep 29, 2026· 24m 26s· 6 players
Game mode
Random Map
Map size
Normal (6 player)
Population
200
Speed
Normal
Resources
Standard
Victory
Conquest
Starting age
Dark Age
Ending age
Imperial Age
RankedLock teamsTeams togetherTeam positionsShared explorationLock speedFull tech treeHidden civsTurbo modeCheats
Victory
Defeat
🇨🇭 Vikings · Switzerland
868
+14
🇲🇽 Spanish · Mexico
833
+15
🇵🇱 Celts · Poland
829
+16
🇪🇸 Dravidians · Spain
929
-19
🇦🇷 Vikings · Argentina
819
-15
🇦🇷 Byzantines · Argentina
715
-11
stabmill
7:03 Loom
8:49 Feudal Age
11:49 Feudal Age
22:03 Man-at-Arms
22:49 Scale Mail Armor
aaroncete3666
11:30 Feudal Age
22:54 Castle Age
22:02 Fletching
23:22 Demolition Ship
munozbwoy
11:00 Feudal Age
21:02 Double-Bit Axe
23:06 Horse Collar
Said664TJ
10:57 Loom
13:11 Feudal Age
22:02 Castle Age
20:39 Wheelbarrow
21:04 Double-Bit Axe
21:05 Horse Collar
24:36 Medium Warships
malolepszy.adrian
13:27 Feudal Age
14:59 Wheelbarrow
14:18 Fishing Lines
15:09 Double-Bit Axe
17:44 Stone Mining
17:46 Gold Mining
20:58 Castle Age
21:34 Gillnets
22:00 Bow Saw
22:14 Hand Cart
22:29 Forging
22:10 Fletching
23:04 Stone Shaft Mining
23:07 Gold Shaft Mining
fantin1227
11:55 Feudal Age
12:41 Arson
12:40 Man-at-Arms
17:39 Loom
24:34 Castle Age
24:27 Scale Mail Armor
24:38 Forging
Connection lost

Rejoining the realm…

Still unreachable

The connection could not be restored.

Session expired

The server has moved on; the page needs a fresh start.